 Dungeon Crawl Stone Soup version 0.22.0-38-g04b72b8 (webtiles) character file.

504 torrenera the Chiller (level 7, -10/50 HPs)
             Began as a Gnoll Ice Elementalist on Aug 30, 2018.
             Killed by nerve-wracking pain
             ... invoked by an orc priest
              (11 damage)
             ... on level 5 of the Dungeon.
             The game lasted 00:08:45 (4226 turns).

torrenera the Chiller (Gnoll Ice Elementalist)      Turns: 4226, Time: 00:08:48

Health: -10/50     AC:  2    Str: 11    XL:     7   Next: 17%
Magic:  5/15       EV: 15    Int: 19    God:
Gold:   211        SH:  0    Dex: 15    Spells: 11/17 levels left

rFire    . . .     SeeInvis .   w - +0 dagger (drain)
rCold    . . .     Gourm    .   (no shield)
rNeg     . . .     Faith    .   a - +0 robe
rPois    .         Spirit   .   (no helmet)
rElec    .         Reflect  .   (no cloak)
rCorr    .         Harm     .   (no gloves)
MR       .....                  (no boots)
Stlth    +++.......             (no amulet)
HPRegen  0.16/turn              (no ring)
MPRegen  0.14/turn              (no ring)

@: lethally poisoned (-10 -> -11)
A: distributed training, fangs 1, strong nose
a: no special abilities


You were on level 5 of the Dungeon.
You were not hungry.

You visited 1 branch of the dungeon, and saw 5 of its levels.

You collected 211 gold pieces.

Inventory:

Hand Weapons
 e - a +1 mace of protection
 j - a +0 mace of protection
 p - a +1 hunting sling of flaming
 s - a +0 antimagic spear
 w - a +0 dagger of draining (weapon)
Missiles
 k - 184 stones (quivered)
 n - 11 poisoned needles
Armour
 a - a +0 robe (worn)
 b - a +0 ring mail
 A - a +1 ring mail of positive energy
Jewellery
 d - an uncursed amulet of the gourmand {unknown}
 m - an uncursed ring of poison resistance {unknown}
 x - an uncursed amulet of regeneration {unknown}
 B - the ring "Xekeosh" {+Blink rC+, unknown}
   (You found it on level 4 of the Dungeon)

   [ring of protection from cold]

   It protects you from cold.
   It lets you blink.
Scrolls
 f - 2 scrolls of teleportation {unknown}
 g - 3 scrolls of identify {unknown}
 l - a scroll of enchant weapon {unknown}
 o - a scroll of magic mapping {unknown}
 q - 2 scrolls of immolation {unknown}
 r - 2 scrolls of fear {unknown}
 y - 4 scrolls of remove curse {unknown}
Potions
 h - 2 potions of curing {unknown}
 i - 2 potions of magic {unknown}
 t - 2 potions of heal wounds {unknown}
 u - 2 potions of might
 v - a potion of degeneration {unknown}
Comestibles
 c - 5 rations
 z - 2 chunks of flesh


   Skills:
 + Level 2.2 Fighting
 + Level 2.2 Short Blades
 + Level 2.2 Long Blades
 + Level 2.2 Axes
 + Level 2.2 Maces & Flails
 + Level 2.2 Polearms
 + Level 2.2 Staves
 + Level 2.2 Slings
 + Level 2.2 Bows
 + Level 2.2 Crossbows
 + Level 2.2 Throwing
 + Level 2.2 Armour
 + Level 5.1 Dodging
 + Level 4.8 Stealth
 + Level 2.2 Shields
 + Level 2.2 Unarmed Combat
 + Level 5.5 Spellcasting
 + Level 2.8 Conjurations
 + Level 1.8 Hexes
 + Level 1.8 Charms
 + Level 1.8 Summonings
 + Level 1.8 Necromancy
 + Level 1.8 Translocations
 + Level 1.8 Transmutations
 + Level 1.8 Fire Magic
 + Level 5.7 Ice Magic
 + Level 1.8 Air Magic
 + Level 1.8 Earth Magic
 + Level 1.8 Poison Magic
 + Level 2.5 Invocations
 + Level 2.2 Evocations


You had 11 spell levels left.
You knew the following spells:

 Your Spells              Type           Power        Failure   Level  Hunger
a - Freeze                Ice            ####         1%          1    None
b - Ozocubu's Armour      Chrm/Ice       ###.....     8%          3    ##.....
c - Throw Frost           Conj/Ice       ###...       3%          2    None

Your spell library contained the following spells:

 Spells                   Type           Power        Failure   Level  Hunger
 Throw Icicle             Conj/Ice       ###.....     21%         4    ####...
 Summon Ice Beast         Ice/Summ       ###.....     24%         4    ####...


Dungeon Overview and Level Annotations

Branches:
Dungeon (5/15)             Temple (0/1) D:5

Altars:
Makhleb
Qazlal
The Shining One


Innate Abilities, Weirdness & Mutations

Your experience applies equally to all skills.
You have very sharp teeth.
Your uncanny sense of smell can sniff out nearby items.


Message History

Confirm with . or Enter, or press ? or * to list all spells.
Aiming: Freeze (safe; 1% risk of failure)
Press: ? - help, Shift-Dir - straight line, f/p - orc priest
Aim: an orc priest, wielding a flail, wearing a leather armour and wearing a moonstone ring (lightly wounded, unusually strong)
You freeze the orc priest.
The orc priest is moderately wounded.
The orc priest closely misses you. The howler monkey zombie hits you.
* * * LOW HITPOINT WARNING * * *
Casting: Freeze (safe; 1% risk of failure)
Confirm with . or Enter, or press ? or * to list all spells.
Aiming: Freeze (safe; 1% risk of failure)
Press: ? - help, Shift-Dir - straight line, f/p - orc priest
Aim: an orc priest, wielding a flail, wearing a leather armour and wearing a moonstone ring (moderately wounded, unusually strong)
You freeze the orc priest.
The orc priest is heavily wounded.
The howler monkey zombie hits you.
* * * LOW HITPOINT WARNING * * *
The orc priest calls down the wrath of Beogh upon you.
Pain shoots through your body!
You die...

.....>......# #...>...#
#.........### #.......#
#..⌠...⌠..#########.......#####
.........................<....[
#.........#.###o.##.......#####
##.##.##.##.# ##.##.......# #
............# #.##.......# #
............####..######### #
....#######.@Z...# ###### ...
#####..o...# #..... ..
#..........# #.####
###.......#.## #.#
#............#######.####
#...).###................
#.....# #.....####.....##
#.....# #.....#.†##...##.
#.....# #.....#...##.##..


You could see an orc priest and a howler monkey zombie.

Vanquished Creatures
  2 scorpions (D:5)
  A bullfrog zombie (D:5)
  A hound (D:4)
  A jelly (D:5)
  An orc wizard (D:4)
  4 worker ants
  4 gnolls
  6 adders
  3 worms (D:3)
  A dart slug (D:2)
  A leopard gecko (D:4)
  11 orcs
  5 giant cockroaches
  7 goblins
  7 hobgoblins
  9 jackals
  9 kobolds
  A quokka (D:4)
  7 bats
  A frilled lizard (D:1)
  A giant cockroach zombie (D:5)
  5 rats
88 creatures vanquished.

Notes
Turn   | Place    | Note
-------+----------+-------------------------------------------
     0 | D:1      | torrenera the Gnoll Ice Elementalist began the quest for the Orb.
     0 | D:1      | Reached XP level 1. HP: 13/13 MP: 6/6
   126 | D:1      | Reached XP level 2. HP: 15/19 MP: 7/7
   904 | D:1      | Reached XP level 3. HP: 25/25 MP: 7/9
   986 | D:1      | Learned a level 3 spell: Ozocubu's Armour
   989 | D:1      | Learned a level 2 spell: Throw Frost
  1076 | D:2      | Reached skill level 5 in Spellcasting
  1077 | D:2      | Reached skill level 1 in Invocations
  1095 | D:1      | Reached skill level 1 in Fighting
  1095 | D:1      | Reached skill level 1 in Short Blades
  1095 | D:1      | Reached skill level 1 in Long Blades
  1095 | D:1      | Reached skill level 1 in Axes
  1095 | D:1      | Reached skill level 1 in Maces & Flails
  1095 | D:1      | Reached skill level 1 in Polearms
  1095 | D:1      | Reached skill level 1 in Staves
  1095 | D:1      | Reached skill level 1 in Slings
  1095 | D:1      | Reached skill level 1 in Bows
  1095 | D:1      | Reached skill level 1 in Crossbows
  1095 | D:1      | Reached skill level 1 in Throwing
  1095 | D:1      | Reached skill level 1 in Armour
  1095 | D:1      | Reached skill level 1 in Shields
  1095 | D:1      | Reached skill level 1 in Unarmed Combat
  1095 | D:1      | Reached skill level 1 in Evocations
  1257 | D:2      | Reached XP level 4. HP: 21/32 MP: 3/11
  1547 | D:2      | Found a stormy altar of Qazlal.
  1884 | D:2      | Found a faded altar of an unknown god.
  1972 | D:3      | Reached skill level 1 in Hexes
  1972 | D:3      | Reached skill level 1 in Charms
  1972 | D:3      | Reached skill level 1 in Summonings
  1972 | D:3      | Reached skill level 1 in Necromancy
  1972 | D:3      | Reached skill level 1 in Translocations
  1972 | D:3      | Reached skill level 1 in Transmutations
  1972 | D:3      | Reached skill level 1 in Fire Magic
  1972 | D:3      | Reached skill level 1 in Air Magic
  1972 | D:3      | Reached skill level 1 in Earth Magic
  1972 | D:3      | Reached skill level 1 in Poison Magic
  2071 | D:3      | Found a glowing golden altar of the Shining One.
  2073 | D:3      | Found a burning altar of Makhleb.
  2120 | D:3      | Reached XP level 5. HP: 17/37 MP: 6/12
  3035 | D:4      | Noticed a phantom
  3319 | D:4      | Reached XP level 6. HP: 43/44 MP: 10/13
  3425 | D:4      | Got a pitted gossamer ring
  3537 | D:5      | Entered Level 5 of the Dungeon
  3637 | D:5      | Reached skill level 5 in Dodging
  4019 | D:5      | Reached XP level 7. HP: 50/50 MP: 15/15
  4186 | D:5      | Found a staircase to the Ecumenical Temple.
  4226 | D:5      | HP: 1/50 [howler monkey zombie (5)]
  4226 | D:5      | Killed from afar by an orc priest

Skill      XL: |  1  2  3  4  5  6 |
---------------+-------------------+-----
Conjurations   | 2 |  2.8
Spellcasting   | 5 |  5.5
Invocations    | 1 2 |  2.5
Fighting       | 1 2 |  2.2
Short Blades   | 1 2 |  2.2
Long Blades    | 1 2 |  2.2
Axes           | 1 2 |  2.2
Maces & Flails | 1 2 |  2.2
Polearms       | 1 2 |  2.2
Staves         | 1 2 |  2.2
Slings         | 1 2 |  2.2
Bows           | 1 2 |  2.2
Crossbows      | 1 2 |  2.2
Throwing       | 1 2 |  2.2
Armour         | 1 2 |  2.2
Shields        | 1 2 |  2.2
Unarmed Combat | 1 2 |  2.2
Evocations     | 1 2 |  2.2
Hexes          | 1 |  1.8
Charms         | 1 |  1.8
Summonings     | 1 |  1.8
Necromancy     | 1 |  1.8
Translocations | 1 |  1.8
Transmutations | 1 |  1.8
Fire Magic     | 1 |  1.8
Air Magic      | 1 |  1.8
Earth Magic    | 1 |  1.8
Poison Magic   | 1 |  1.8
Dodging        | 5 |  5.1
Stealth        | |  4.8
Ice Magic      | |  5.7

Action                   |  1- 3 |  4- 6 |  7- 9 || total
-------------------------+-------+-------+-------++-------
Melee: Mace              |    53 |    77 |       ||   130
       Bite              |     6 |    11 |     2 ||    19
       Dagger            |       |    98 |    14 ||   112
 Cast: Freeze            |    15 |    33 |    10 ||    58
       Ozocubu's Armour  |       |     7 |     1 ||     8
       Throw Frost       |       |     1 |       ||     1
 Stab: Sleeping          |     2 |    15 |     2 ||    19
       Distracted        |       |       |     1 ||     1
  Eat: Chunk             |     1 |     9 |     1 ||    11
Armor: Robe              |    13 |    54 |     3 ||    70
Dodge: Dodged            |    61 |   157 |    14 ||   232
